 Dungeon Crawl Stone Soup version 0.28.0-43-g3370ac3207 (webtiles) character file.

Game seed: 38533863417709822

350 cbfl8 the Sneak (level 6, 0/53 HPs)
             Began as a Minotaur Delver on Mar 24, 2022.
             Was a Follower of Uskayaw.
             Killed by divine providence
             ... invoked by an orc priest
              (13 damage)
             ... on level 3 of the Dungeon.
             The game lasted 00:06:27 (3652 turns).

cbfl8 the Sneak (Minotaur Delver)                   Turns: 3652, Time: 00:06:30

Health: 0/53       AC:  5    Str: 19    XL:     6   Next: 34%
Magic:  5/5        EV: 11    Int:  7    God:    Uskayaw [*.....]
Gold:   207        SH:  0    Dex: 11    Spells: 5/5 levels left

rFire   . . .      SeeInvis .   j - +0 rapier
rCold   . . .      Faith    .   (no shield)
rNeg    . . .      Spirit   .   k - +0 ring mail
rPois   .          Reflect  .   (helmet restricted)
rElec   .          Harm     .   (no cloak)
rCorr   .          Rampage  .   (no gloves)
Will    .....                   (no boots)
Stlth   ++........              (no amulet)
HPRegen 0.17/turn               (no ring)
MPRegen 0.09/turn               (no ring)

@: no status effects
A: horns 2, retaliatory headbutt
a: Renounce Religion, Stomp


You were on level 3 of the Dungeon.
You worshipped Uskayaw.
Uskayaw was noncommittal.
You visited 1 branch of the dungeon, and saw 5 of its levels.

You collected 233 gold pieces.
You spent 26 gold pieces at shops.

Inventory:

Hand Weapons
 a - a +0 hand axe
 j - a +0 rapier (weapon)
Armour
 b - a +0 leather armour
 k - a +0 ring mail (worn)
Wands
 g - a wand of digging (3)
Scrolls
 c - 3 scrolls of fog
 d - 3 scrolls of enchant weapon
 e - a scroll of blinking {unknown}
 i - a scroll of noise
 o - a scroll of amnesia
 r - 2 scrolls of immolation
Potions
 f - a potion of haste
 h - a potion of cancellation {unknown}
 l - 2 potions of curing {unknown}
 n - a potion of resistance {unknown}
 p - a potion of brilliance {unknown}
 q - a potion of flight {unknown}


   Skills:
 + Level 4.7 Fighting
 + Level 1.8 Short Blades
 + Level 3.1 Axes
 + Level 2.4 Armour
 + Level 2.8 Dodging
 + Level 5.9 Stealth


You had 5 spell levels left.
You didn't know any spells.
Your spell library contained the following spells:

 Spells                   Type           Power      Damage    Failure   Level
 Magic Dart               Conj           0%         1d3       61%         1
 Call Imp                 Summ           0%         N/A       75%         2
 Mephitic Cloud           Conj/Pois/Air  0%         N/A       93%         3


Dungeon Overview and Level Annotations

Branches:
Dungeon (5/15)
 Temple: D:4-7

Altars:
Uskayaw

Shops:
D:1 *

Annotations:
D:3 2 transporters, cbfl8's ghost, weakling MiDe


Innate Abilities, Weirdness & Mutations

You have a pair of horns on your head.
You reflexively headbutt those who attack you in melee.


Message History

The orc hits you with a +0 morningstar!
There is an open door, spattered with blood here.
You hit the orc.
The orc is severely wounded.
The orc misses you. You furiously retaliate!
You headbutt the orc.
You kill the orc!
An orc comes into view. It is wielding a +0 short sword.
The orc closely misses you.
Things that are here:
a +0 morningstar; an orc corpse You hit the orc but do no damage.
The orc hits you with a +0 flail.
You hit the orc.
The orc is severely wounded.
The orc hits you with a +0 flail.
You closely miss the orc. Your headbutt misses the orc.
The orc is severely wounded.
The orc hits you but does no damage.
You closely miss the orc.
The orc is severely wounded.
The orc hits you with a +0 flail!
You closely miss the orc.
The orc is severely wounded.
The orc closely misses you.
You barely miss the orc.
The orc is severely wounded.
The orc hits you with a +0 flail.
The orc priest calls down the wrath of Beogh upon you.
Beogh smites you! The orc hits you with a +0 flail.
* * * LOW HITPOINT WARNING * * *
You closely miss the orc.
The orc is severely wounded.
The orc priest miscasts a cantrip.
The orc misses you.
You hit the orc but do no damage. Your headbutt misses the orc.
The orc is severely wounded.
The orc barely misses you. You furiously retaliate!
You headbutt the orc.
You kill the orc!
The orc priest calls down the wrath of Beogh upon you.
Beogh smites you!
You die...

#....)................#
##.##..##.########.####
#........# #.#
#####.#### ##'## #.#
##...## #.### ##.....##
#.#.## ##...)...##
#####...o####...).....#
........oo)@'.........+
#........####.........#
#o###.#..# ##.......##
#.##.# ##....(## # #.#
##...## #.# ##+## #.#
#.#


You could see an orc priest and 2 orcs.

Vanquished Creatures
  A scorpion (D:4)
  2 hounds (D:5)
  A jelly (D:4)
  An orc priest (D:3)
  An iguana (D:5)
  4 gnolls
  3 adders
  An ufetubus (D:5)
  3 worms (D:2)
  3 dart slugs (D:1)
  6 orcs (D:3)
  4 endoplasms
  4 giant cockroaches (D:1)
  5 goblins
  3 hobgoblins
  2 quokkas
  2 ball pythons
  4 bats
  3 frilled lizards
  4 kobolds
  5 rats
  A spectral goblin (D:2)
63 creatures vanquished.

Vanquished Creatures (others)
  6 plants (D:3)
6 creatures vanquished.

Grand Total: 69 creatures vanquished

Notes
Turn   | Place    | Note
-------+----------+-------------------------------------------
     0 | D:5      | cbfl8 the Minotaur Delver began the quest for the Orb.
     0 | D:5      | Reached XP level 1. HP: 19/19 MP: 0/0
    53 | D:5      | Noticed a hound
    62 | D:5      | Killed a hound
    63 | D:5      | Reached XP level 2. HP: 22/27 MP: 1/1
    63 | D:5      | Reached XP level 3. HP: 27/33 MP: 2/2
   283 | D:5      | Reached skill level 5 in Stealth
   283 | D:5      | Reached XP level 4. HP: 28/40 MP: 3/3
   375 | D:5      | Found a hide-covered altar of Uskayaw.
   389 | D:5      | Became a worshipper of Uskayaw the Reveller
   393 | D:5      | Reached * piety under Uskayaw
   396 | D:5      | Reached ** piety under Uskayaw
   829 | D:4      | Noticed a scorpion
   837 | D:4      | Killed a scorpion
   838 | D:4      | Reached skill level 1 in Armour
   838 | D:4      | Reached XP level 5. HP: 38/47 MP: 4/4
  1016 | D:2      | Found a faded altar of an unknown god.
  2310 | D:1      | Found Jolest's General Store.
  2320 | D:1      | Bought a scroll of identify for 26 gold pieces
  2695 | D:2      | Reached skill level 1 in Short Blades
  2730 | D:2      | Reached XP level 6. HP: 31/53 MP: 5/5
  3242 | D:3      | Found a transporter.
  3260 | D:3      | Noticed cbfl8's ghost (weakling MiDe)
  3334 | D:3      | Found a transporter.
  3652 | D:3      | Killed from afar by an orc priest

Illustrated notes

Levels and vault maps discovered:
D:1:      dpeg_arrival_brainrot, layout_basic, serial_shops, shop_statue
D:2:      layout_loops_ring, dreamdust_ecumenical_altar_drowned_temple,
          st_stairs_10
D:3:      layout_loops_corners, gammafunk_ghost_gnarly_gnolls, uniq_grinder
D:4:      layout_gridville, amethyst_overflow_temple_binary,
          minmay_temple_entry_statues_pillars
D:5:      layout_layer_cave, eat_drink_and_be_merry_uskayaw

Skill      XL: |  1  2  3  4  5 |
---------------+----------------+-----
Fighting       | 4 |  4.7
Stealth        | 5 |  5.9
Axes           | 3 |  3.1
Armour         | 1 2 |  2.4
Short Blades   | 1 |  1.8
Dodging        | |  2.8

Action                   |  1- 3 |  4- 6 || total
-------------------------+-------+-------++-------
Melee: Hand axe          |    15 |     7 ||    22
       Headbutt          |     3 |    21 ||    24
       Rapier            |       |   126 ||   126
       Punch             |       |     1 ||     1
Invok: Stomp             |       |     1 ||     1
  Use: Scroll            |     1 |     5 ||     6
 Stab: Sleeping          |     1 |     7 ||     8
Armor: Leather armour    |     2 |     6 ||     8
       Ring mail         |       |    31 ||    31
Dodge: Dodged            |    17 |    82 ||    99
